 Dungeon Crawl Stone Soup version 0.22-a0-433-gd2a9cce (webtiles) character file.

2340 KristoblXynda the Carver (level 9, 0/74 HPs)
             Began as a Deep Dwarf Fighter on May 27, 2018.
             Was a Follower of Makhleb.
             Slain by a hog (6 damage)
             ... on level 7 of the Dungeon.
             The game lasted 00:15:15 (6247 turns).

KristoblXynda the Carver (Deep Dwarf Fighter)       Turns: 6247, Time: 00:15:16

Health: 0/74       AC: 10    Str: 22    XL:     9   Next: 19%
Magic:  4/4        EV: 11    Int: 16    God:    Makhleb [*.....]
Gold:   368        SH: 11    Dex: 14    Spells: 8/8 levels left

rFire    . . .     SeeInvis .   d - +1 scimitar
rCold    . . .     Gourm    .   c - +0 shield
rNeg     . . .     Faith    .   b - +1 scale mail
rPois    .         Spirit   .   k - +1 hat
rElec    .         Reflect  .   (no cloak)
rCorr    .         Harm     .   (no gloves)
MR       +....                  (no boots)
Stlth    ..........             (no amulet)
HPRegen  0.00/turn              j - +3 ring of evasion
MPRegen  0.09/turn              m - +4 ring of intelligence

@: non-regenerating
A: damage resistance, heal wounds, agile 1, clever 1, sense surroundings 2, wild
magic 1, no regeneration
a: Heal Wounds, Renounce Religion


You were on level 7 of the Dungeon.
You worshipped Makhleb.
Makhleb was aware of your devotion.
You were not hungry.

You visited 2 branches of the dungeon, and saw 8 of its levels.

You collected 368 gold pieces.

Inventory:

Hand Weapons
 d - a +1 scimitar (weapon)
Missiles
 o - 2 throwing nets (quivered)
Armour
 b - a +1 scale mail (worn)
 c - a +0 shield (worn)
 g - a +0 plate armour
 k - a +1 hat (worn)
Jewellery
 j - a +3 ring of evasion (left hand)
 m - a +4 ring of intelligence (right hand)
Scrolls
 e - a scroll of magic mapping
 h - 4 scrolls of remove curse
 i - a scroll of enchant weapon
Potions
 a - a potion of magic
 n - 3 potions of flight
Comestibles
 f - 8 rations
 l - a chunk of flesh


   Skills:
 - Level 2.6 Fighting
 * Level 9.0 Long Blades
 + Level 7.5 Armour
 + Level 7.5 Shields


You had 8 spell levels left.
You didn't know any spells.
Your spell library contained the following spells:

 Spells                   Type           Power        Failure   Level  Hunger
 Confuse                  Hex            #.......     99%         3    ####...
 Confusing Touch          Hex            #.....       88%         1    ##.....
 Metabolic Englaciation   Hex/Ice        #.........   100%        5    ######.
 Petrify                  Tmut/Erth      #.......     100%        4    #####..
 Gell's Gravitas          Tloc           #.........   99%         3    ####...
 Yara's Violent Unravell  Hex/Tmut       #.........   100%        5    ######.


Dungeon Overview and Level Annotations

Branches:
Dungeon (7/15)             Temple (1/1) D:6

Altars:
Ashenzari
Dithmenos
Elyvilon
Fedhas
Gozag
Hepliaklqana
Kikubaaqudgha
Makhleb
Nemelex Xobeh
Okawaru
Qazlal
Ru
Sif Muna
Trog
Uskayaw
Vehumet
Wu Jian
Yredelemnul
The Shining One


Innate Abilities, Weirdness & Mutations

You are resistant to damage.
You can heal yourself by infusing magical energy.
You passively map the area around you.
You do not regenerate.
You are agile. (Dex +2)
Your mind is acute. (Int +2)
Your spells are a little harder to cast, but a little more powerful.


Message History

A leopard gecko comes into view.
The leopard gecko hisses angrily.
A leopard gecko is nearby!
A leopard gecko is nearby!
The leopard gecko misses you.
You riposte.
You closely miss the leopard gecko. You slash the leopard gecko!
You kill the leopard gecko!
Makhleb accepts your kill.
You open the door. 3 hogs, a yak and a human come into view.
The yak bellows!
The hog squeals angrily. x2
Found 5 rations.
There are monsters nearby!
There are monsters nearby!
There are monsters nearby!
Okay, then.
Okay, then.
There is a stone staircase leading down here.
The hog bites you!
You die...

......... #...##..#
.......#### #...##.##
..........## #......#
....###.#..## ####..### ##
#.....#########....##
##...........†..####
#.....)....)##### ##
#....../..hh.>..# ##.
#........@.####.########..
#...)......# #......Y...#
#...<.)....# ##...#######
############ #...# #####


You could see 2 hogs.

Vanquished Creatures
  A wyvern (D:6)
  2 orc warriors (D:6)
  An ice beast (D:5)
  An ogre (D:7)
  3 phantoms
  A centaur (D:5)
  A bullfrog (D:7)
  4 scorpions
  5 killer bees (D:7)
  A jelly (D:4)
  A howler monkey (D:5)
  A crimson imp (D:5)
  A hound (D:6)
  A quasit (D:5)
  3 orc priests (D:4)
  7 orc wizards
  Jessica (D:2)
  An iguana (D:7)
  3 worker ants
  A howler monkey zombie (D:3)
  A worker ant zombie (D:5)
  Robin (D:3)
  11 gnolls
  13 adders
  3 oozes
  An adder skeleton (D:5)
  4 worms
  3 dart slugs
  6 leopard geckos
  17 orcs
  4 giant cockroaches
  9 goblins
  10 hobgoblins
  11 jackals
  12 kobolds
  2 quokkas (D:3)
  A ball python (D:3)
  A ball python skeleton (D:4)
  15 bats
  6 frilled lizards
  2 leopard gecko skeletons
  10 rats
  4 fungi (D:4)
187 creatures vanquished.

Vanquished Creatures (others)
  A fungus (D:4)
1 creature vanquished.

Grand Total: 188 creatures vanquished

Notes
Turn   | Place    | Note
-------+----------+-------------------------------------------
     0 | D:1      | KristoblXynda the Deep Dwarf Fighter began the quest for the Orb.
     0 | D:1      | Reached XP level 1. HP: 20/20 MP: 1/1
   103 | D:1      | Reached XP level 2. HP: 25/27 MP: 2/2
  1058 | D:2      | Found a bloodstained altar of Trog.
  1058 | D:2      | Found a shattered altar of Ashenzari.
  1069 | D:2      | Reached skill level 3 in Long Blades
  1069 | D:2      | Reached XP level 3. HP: 24/33 MP: 3/3
  1254 | D:2      | Noticed a phantom
  1273 | D:2      | Killed a phantom
  1273 | D:2      | Reached skill level 4 in Long Blades
  1273 | D:2      | Reached XP level 4. HP: 24/40 MP: 4/4
  1273 | D:2      | Reached XP level 5. HP: 27/46 MP: 5/5
  1387 | D:2      | Noticed Jessica
  1395 | D:2      | Killed Jessica
  1576 | D:2      | Found a glowing golden altar of the Shining One.
  2027 | D:3      | Noticed Robin
  2035 | D:3      | Killed Robin
  2053 | D:3      | Reached XP level 6. HP: 14/55 MP: 6/6
  3118 | D:4      | Reached skill level 5 in Long Blades
  3384 | D:4      | Reached skill level 5 in Shields
  3402 | D:4      | Reached skill level 5 in Armour
  3439 | D:4      | Reached XP level 7. HP: 17/61 MP: 7/7
  3828 | D:4      | Reached skill level 6 in Long Blades
  3838 | D:4      | Found a hazy altar of Hepliaklqana.
  4054 | D:5      | Entered Level 5 of the Dungeon
  4265 | D:5      | HP: 3/61 [ice beast (7)]
  4330 | D:5      | Reached skill level 7 in Long Blades
  4330 | D:5      | Reached XP level 8. HP: 21/68 MP: 6/6
  4746 | D:5      | Gained mutation: Armour fits poorly on your strangely shaped body. [potion of mutation]
  4746 | D:5      | Gained mutation: You are covered in fur. (AC +1) [potion of mutation]
  4813 | D:5      | Found an ancient bone altar of Kikubaaqudgha.
  5225 | D:6      | HP: 2/68 [orc warrior/dire flail (18)]
  5334 | D:6      | Lost mutation: Armour fits poorly on your strangely shaped body. [potion of mutation]
  5334 | D:6      | Gained mutation: You are weak. (Str -2) [potion of mutation]
  5334 | D:6      | Gained mutation: You are agile. (Dex +2) [potion of mutation]
  5334 | D:6      | Gained mutation: You are very agile. (Dex +4) [potion of mutation]
  5344 | D:6      | Found a staircase to the Ecumenical Temple.
  5353 | Temple   | Entered the Ecumenical Temple
  5422 | Temple   | Became a worshipper of Makhleb the Destroyer
  5498 | D:6      | Found a hide-covered altar of Uskayaw.
  5539 | D:6      | Reached skill level 8 in Long Blades
  5625 | D:6      | Found an ornate altar of the Wu Jian Council.
  5788 | D:6      | Found a sacrificial altar of Ru.
  5899 | D:7      | Lost mutation: You are weak. (Str -2) [potion of mutation]
  5899 | D:7      | Lost mutation: You are covered in fur. (AC +1) [potion of mutation]
  5899 | D:7      | Lost mutation: You are very agile. (Dex +4) [potion of mutation]
  5899 | D:7      | Gained mutation: You are dopey. (Int -2) [potion of mutation]
  5899 | D:7      | Lost mutation: You are dopey. (Int -2) [potion of mutation]
  5899 | D:7      | Gained mutation: Your spells are a little harder to cast, but a little more powerful. [potion of mutation]
  5899 | D:7      | Gained mutation: Your mind is acute. (Int +2) [potion of mutation]
  5974 | D:7      | Gained mutation: You passively map the area around you. [Deep Dwarf growth]
  5974 | D:7      | Reached XP level 9. HP: 29/74 MP: 4/4
  6160 | D:7      | Reached skill level 9 in Long Blades
  6180 | D:7      | Reached * piety under Makhleb
  6247 | D:7      | Slain by a hog

Vault maps used:
D:1:      dpeg_arrival_boxorama, minivault_11, minivault_5
D:2:      tso_oasis_becter, grunt_temple_overflow_open, first_ration,
          uniq_jessica
D:3:      uniq_robin
D:4:      old_forge, kennysheep_mini
D:5:      lemuel_crystal_altar
D:6:      nicolae_overflow_crystal_walls, eat_drink_and_be_merry_uskayaw,
          nicolae_ru_sacrificial_ziggurat, minmay_temple_entry_mist
D:7:      lemuel_crystal_altar, grunt_livestock, uniq_duvessa
Temple:   jpeg_temple_clearing

Skill      XL: |  1  2  3  4  5  6  7  8  9 |
---------------+----------------------------+-----
Long Blades    | 3 4 5 7 8 9 |  9.0
Armour         | 4 5 6 7 |  7.5
Shields        | 4 5 6 7 |  7.5
Fighting       | |  2.6

Action                   |  1- 3 |  4- 6 |  7- 9 || total
-------------------------+-------+-------+-------++-------
Melee: Long sword        |   128 |   252 |   314 ||   694
       Scimitar          |       |       |   148 ||   148
Throw: Throwing net      |       |       |     2 ||     2
 Abil: Heal Wounds       |       |     2 |    14 ||    16
  Use: Scroll            |     2 |     6 |    10 ||    18
       Potion            |     1 |     2 |     9 ||    12
 Stab: Held in net/web   |       |       |     1 ||     1
  Eat: Chunk             |     1 |     6 |     4 ||    11
       Ration            |       |     1 |     2 ||     3
Armor: Scale mail        |    56 |    96 |   195 ||   347
       Skin              |       |       |    57 ||    57
Dodge: Dodged            |    49 |    68 |   177 ||   294
Block: Shield            |    78 |   131 |   319 ||   528
       Rpst.: Long sword |    16 |    22 |    30 ||    68
       Scimitar          |       |       |    17 ||    17

Table legend:
 A = Spawn XP
 B = Non-spawn XP
 C = Spawn XP percentage of total XP
 D = Spawn monster count
 E = Non-spawn monster count
 F = Spawn count percentage of total count
 G = Total turns spent on level
                    A         B        C        D         E        F      G
               +---------+---------+-------+---------+---------+-------+---------
         Total |       0 |    3343 |   0.0 |       0 |     183 |   0.0 |  6247
               +---------+---------+-------+---------+---------+-------+---------
           D:1 |       0 |      31 |   0.0 |       0 |      19 |   0.0 |   982
           D:2 |       0 |     269 |   0.0 |       0 |      26 |   0.0 |   870
           D:3 |       0 |     189 |   0.0 |       0 |      45 |   0.0 |  1242
           D:4 |       0 |     558 |   0.0 |       0 |      34 |   0.0 |   988
           D:5 |       0 |     880 |   0.0 |       0 |      23 |   0.0 |  1081
           D:6 |       0 |     717 |   0.0 |       0 |      20 |   0.0 |   625
           D:7 |       0 |     699 |   0.0 |       0 |      16 |   0.0 |   339
               +---------+---------+-------+---------+---------+-------+---------
